 Dungeon Crawl Stone Soup version 0.31.0-9-g3a7656b989 (webtiles) character file.

Game seed: 12084305142557456919

166 Kenran the Changeling (level 5, -2/25 HPs)
             Began as a Spriggan Shapeshifter on Feb 3, 2024.
             Killed by divine providence
             ... invoked by an orc priest
              (16 damage)
             ... on level 3 of the Dungeon.
             The game lasted 00:05:38 (2081 turns).

Kenran the Changeling (Spriggan Shapeshifter)       Turns: 2081, Time: 00:05:38

Health: -2/25      AC:  2    Str: 12    XL:     5   Next: 22%
Magic:  6/6        EV: 17    Int: 11    God:
Gold:   143        SH:  0    Dex: 15    Spells: 4/4 levels left

rFire   . .          .
                       - Unarmed
rCold   + . .        (no shield)
rNeg    . . .        a - +0 animal skin
rPois   .            (helmet currently unavailable)
rElec   .            (cloak currently unavailable)
rCorr   .            (gloves unavailable)
SInv    +            (boots unavailable)
Will    .....        (no amulet)
Stlth   +            f - ring of protection from cold
HPRegen 0.24/turn    g - ring of flight
MPRegen 0.10/turn

%: no passive effects
@: beast-form, flying, very quick
A: beast (slay +3), very small, no large weapons, unfitting armour, see
invisible, speed 3
a: Begin Untransformation


You were on level 3 of the Dungeon.
You were a hulking beast.
You visited 1 branch of the dungeon, and saw 3 of its levels.

You collected 143 gold pieces.

Inventory:

Armour
 a - a +0 animal skin (worn)
 p - a scarf of invisibility
Jewellery
 f - a ring of protection from cold (left hand)
 g - a ring of flight (right hand)
Talismans
 c - a beast talisman
 d - a flux talisman
Scrolls
 e - a scroll of fog
 j - a scroll of revelation {unknown}
 k - 2 scrolls of teleportation {unknown}
 m - a scroll of amnesia {unknown}
 o - a scroll of blinking {unknown}
Potions
 b - a potion of lignification {!q}
 h - a potion of berserk rage {unknown}
 i - 2 potions of curing {unknown}
 l - a potion of invisibility {unknown}
 n - a potion of heal wounds {unknown}
 q - a potion of brilliance {unknown}


   Skills:
 - Level 1.0 Fighting
 - Level 2.6 Dodging
 - Level 4.0 Unarmed Combat
 + Level 5.7 Shapeshifting


You had 4 spell levels left.
You didn't know any spells.
Your spell library was empty.

Dungeon Overview and Level Annotations

Branches:
Dungeon (3/15)

Altars:

Shops:
D:2 =   D:3 [


Innate Abilities, Weirdness & Mutations

You are a hulking beast.
Your limbs bulge with bestial killing power. (Slay +3)
You are very small and have problems with some larger weapons.
You are too small for most types of armour.
You have supernaturally acute eyesight. (SInv)
You cover ground extremely quickly. (Speed+++)


Message History

Found a spear.
There is an open door here.
You reach down and open the door.
There is an open door here.
A frilled lizard comes into view.
The frilled lizard hisses angrily.
The frilled lizard closely misses you.
You closely miss the frilled lizard. The frilled lizard closely misses you.
You punch the frilled lizard!
You kill the frilled lizard!
No target in view!
No target in view!
Things that are here:
a hound corpse; a hound corpse You see here a +0 flail.
You see here a +0 whip.
You reach down and open the door.
There is an open door here.
An orc comes into view. It is wielding a +0 flail.
Found a stone staircase leading down.
An orc wizard and an orc come into view.
The orc wizard is wielding a +2 dagger of speed.
The orc shouts!
You hear a shout!
An orc priest comes into view. It is wielding a +0 whip.
An orc priest comes into view. It is wielding a +0 war axe.
An orc comes into view. It is wielding a +0 whip.
The orc shouts!
The orc priest shouts!
The orc wizard shouts!
The orc priest calls down the wrath of Beogh upon you.
Beogh smites you!
Ouch! That really hurt!
There is an open door here.
You reach down and close the door.
There is a stone staircase leading up here.
You start resting.
An orc priest is nearby!
The orc priest mumbles some strange prayers to Beogh against you.
Beogh smites you!
Ouch! That really hurt!
You die...

#..........######## #.#
#.>........#......# #.#
#........###....>.# #.#
#..†.....#........# #.#
#........#........# #.#
#.....÷..#.......####.#
####'#...........+....#
#.#####...o...######
####.#h..........#
#................#
#......###.......#
#......# #.......#
####...# ##.#.####
#...# #.#.#########
#.%.# #...........#
#...######.#######.#
#........#.# #.#


You could see an orc priest.

Vanquished Creatures
  2 hounds (D:3)
  Jessica (D:2)
  A gnoll (D:3)
  An adder (D:2)
  A ribbon worm (D:2)
  5 bats
  7 endoplasms
  3 giant cockroaches (D:2)
  4 goblins (D:1)
  8 hobgoblins
  5 jackals
  4 kobolds
  2 quokkas
  4 ball pythons
  5 frilled lizards
  3 rats
56 creatures vanquished.

Notes
Turn   | Place    | Note
-------+----------+-------------------------------------------
     0 | D:1      | Kenran the Spriggan Shapeshifter began the quest for the
                  | Orb.
     0 | D:1      | Reached XP level 1. HP: 9/9 MP: 2/2
    83 | D:1      | Reached skill level 1 in Fighting
   129 | D:1      | Reached XP level 2. HP: 12/14 MP: 3/3
   539 | D:1      | Reached XP level 3. HP: 16/18 MP: 4/4
   829 | D:2      | Found Oseobbyg's Jewellery Boutique.
  1158 | D:2      | Noticed Jessica
  1172 | D:2      | Killed Jessica
  1173 | D:2      | Reached XP level 4. HP: 22/22 MP: 5/5
  1302 | D:2      | Found a faded altar of an unknown god.
  1683 | D:3      | Reached skill level 5 in Shapeshifting
  1688 | D:3      | Reached XP level 5. HP: 16/25 MP: 6/6
  1821 | D:3      | Found Yhurolao's Armour Boutique.
  2081 | D:3      | Killed from afar by an orc priest

Illustrated notes

Levels and vault maps discovered:
D:1:      amcnicky_arrival_gap_in_the_tavern_cellar, layout_loops_ring,
          item_on_display_a
D:2:      layout_basic, serial_shops, nicolae_shop_just_a_little_nook,
          dilly_ecumenical_altar_fadedgnrine, st_stairs_6, fountainhead,
          minmay_puff, uniq_jessica
D:3:      cheibrodos_pilgrimage, layout_basic, serial_shops, shop,
          cheibrodos_gnoll_hut

Skill      XL: |  1  2  3  4 |
---------------+-------------+-----
Fighting       | 1 |  1.0
Unarmed Combat | 3 4 |  4.0
Shapeshifting  | 5 |  5.7
Dodging        | |  2.6

Action                     |  1- 3 |  4- 6 || total
---------------------------+-------+-------++-------
  Melee: Unarmed           |   113 |    44 ||   157
         Punch             |     2 |       ||     2
    Use: Scroll            |       |     1 ||     1
   Stab: Sleeping          |     6 |     2 ||     8
 Armour: Animal skin       |    27 |    11 ||    38
  Dodge: Dodged            |    76 |    34 ||   110
